 Dungeon Crawl Stone Soup version 0.27-a0-1384-g1422d76b99 (webtiles) character file.

Game seed: 10344153576017430962

106710 quinnr the Thaumaturge (level 16, -1/115 HPs)
             Began as a Djinni Air Elementalist on June 30, 2021.
             Was a High Priest of Makhleb.
             Killed from afar by a deep elf knight (19 damage)
             ... with a shard of ice
             ... on level 1 of the Elven Halls.
             The game lasted 01:42:45 (30838 turns).

quinnr the Thaumaturge (Djinni Air Elementalist)   Turns: 30838, Time: 01:42:45

Health: -1/115     AC: 14    Str: 10    XL:     16   Next: 99%
Gold:   1717       EV: 16    Int: 32    God:    Makhleb [*****.] SH:  5 Dex: 12

rFire    + + .     SeeInvis .   J - staff of air
rCold    + . .     Faith    .   V - +0 buckler
rNeg     + . .     Spirit   .   E - +2 robe {rN+}
rPois    ∞         Reflect  .   G - +2 helmet {Int+3}
rElec    +         Harm     .   D - +2 cloak {Will+}
rCorr    .         Rampage  .   g - +2 pair of gloves {Stlth+}
Will     ++...                  (boots unavailable)
Stlth    ++++......             n - amulet of regeneration
HPRegen  1.29/turn              F - ring of protection from cold
MPRegen  0.00/turn              a - ring of the Shrike {Fly rC+ Str+3 Int+6 Dex-3}

@: swift (expiring), flying, very quick
A: sickness immunity, fire resistance 2, cold vulnerability 1, float, innate
caster, hp casting, extra vitality 1
a: Renounce Religion, Minor Destruction, Lesser Servant of Makhleb, Major
Destruction, Greater Servant of Makhleb


You were on level 1 of the Elven Halls.
You worshipped Makhleb.
Makhleb was extremely pleased with you.
You visited 5 branches of the dungeon, and saw 25 of its levels.
You also visited: Gauntlet.

You collected 2950 gold pieces.
You spent 1233 gold pieces at shops.

Inventory:

Hand Weapons
 l - a +4 dagger of electrocution
 p - the +5 quarterstaff of the Desolation of Salt {vorpal, Dex+3}
   (You found it on level 6 of the Lair of Beasts)

   It inflicts extra damage upon your enemies.
   Dex:       It affects your dexterity (+3).
 t - the +2 spear "Tonnabre" {vorpal, rElec rC+ Int+2 Stlth-}
   (You found it on level 4 of the Dungeon)

   It inflicts extra damage upon your enemies.
   Int:       It affects your intelligence (+2).
   rC:        It protects you from cold.
   rElec:     It insulates you from electricity.
   Stlth:     It makes you less stealthy.
 K - the +10 hand axe "Kuolam" {flame, rN+ Will++ Dex-2}
   (You took it off a minotaur in a Gauntlet)

   It has been specially enchanted to burn those struck by it, causing extra
   injury to most foes and up to half again as much damage against particularly
   susceptible opponents.
   Big, fiery blades are also staple armaments of hydra-hunters.
   Dex:       It affects your dexterity (-2).
   rN:        It protects you from negative energy.
   Will:      It greatly increases your willpower.
Missiles
 s - 6 atropa-tipped darts
 C - 9 curare-tipped darts
 H - 17 throwing nets
Armour
 g - a +2 pair of gloves of stealth (worn)
 m - a +2 robe of cold resistance
 D - a +2 cloak of willpower (worn)
 E - a +2 robe of positive energy (worn)
 G - a +2 helmet of intelligence (worn)
 R - the +1 robe of Xeiraig {rF+ Dex+3}
   (You bought it in a shop on level 12 of the Dungeon)

   Dex:       It affects your dexterity (+3).
   rF:        It protects you from fire.
 V - a +0 buckler (worn)
Magical Staves
 y - a staff of conjuration
 J - a staff of air (weapon)
Jewellery
 a - the ring of the Shrike (right hand) {Fly rC+ Str+3 Int+6 Dex-3}
   (You found it on level 6 of the Lair of Beasts)

   [ring of intelligence]

   Str:       It affects your strength (+3).
   Int:       It affects your intelligence (+6).
   Dex:       It affects your dexterity (-3).
   rC:        It protects you from cold.
   Fly:       It grants you flight.
 n - an amulet of regeneration (around neck)
 o - a ring of wizardry
 F - a ring of protection from cold (left hand)
 I - a +6 ring of dexterity
 W - an amulet of the acrobat
Wands
 k - a wand of charming (8)
 q - a wand of mindburst (10)
 z - a wand of flame (72)
 A - a wand of paralysis (35)
 N - a wand of iceblast (18)
 T - a wand of acid (18)
 X - a wand of polymorph (7)
Scrolls
 b - 2 scrolls of enchant armour
 c - 18 scrolls of teleportation
 u - 5 scrolls of enchant weapon
 w - a scroll of holy word
 x - 2 scrolls of magic mapping
 S - 3 scrolls of fear
 U - a scroll of summoning
 Y - 7 scrolls of identify
Potions
 d - 2 potions of ambrosia
 e - 3 potions of brilliance
 f - 14 potions of curing
 h - 2 potions of lignification
 j - 2 potions of mutation
 r - 2 potions of haste
 v - a potion of invisibility
 L - 5 potions of cancellation
 M - 3 potions of attraction
 Q - 2 potions of might
 Z - a potion of resistance
Miscellaneous
 B - a phantom mirror


   Skills:
 - Level 10.7 Fighting
 - Level 8.0 Armour
 - Level 10.9 Dodging
 - Level 6.0 Stealth
 - Level 4.0 Shields
 + Level 14.8 Spellcasting
 - Level 11.0 Invocations
 - Level 6.0 Evocations


You had 5 spell levels left.
You knew the following spells:

 Your Spells              Type           Power      Damage    Failure   Level
a - Shock                 Conj/Air       100%       1d9       0%          1
b - Static Discharge      Conj/Air       100%       N/A       0%          2
c - Swiftness             Air            100%       N/A       0%          3
d - Airstrike             Air            54%        N/A       1%          4
e - Lightning Bolt        Conj/Air       54%        1d76      1%          5
f - Sandblast             Erth           100%       2d20      0%          1
g - Wereblood             Tmut           87%        N/A       0%          2
h - Mephitic Cloud        Conj/Pois/Air  100%       N/A       0%          3
i - Gell's Gravitas       Tloc           43%        N/A       0%          3
j - Olgreb's Toxic Radia  Pois           87%        N/A       1%          4
k - Irradiate             Conj/Tmut      43%        3d28      1%          5
l - Dispersal             Tloc           43%        N/A       1%          6
Your spell library was empty.

Dungeon Overview and Level Annotations

Branches:
Dungeon (15/15)            Temple (1/1) D:6            Lair (6/6) D:10
  Swamp (0/4) Lair:2       Spider (0/4) Lair:3        Slime (0/5) Lair:5
    Orc (2/2) D:11            Elf (1/3) Orc:2        Vaults (0/5) D:14
Gauntlet (visited)
 Depths: D:15

Altars:
Ashenzari
Cheibriados
Dithmenos
Elyvilon
Fedhas
Gozag
Hepliaklqana
Kikubaaqudgha
Makhleb
Nemelex Xobeh
Okawaru
Qazlal
Ru
Sif Muna
Trog
Uskayaw
Vehumet
Wu Jian
Xom
Yredelemnul
Zin
The Shining One
Beogh
Jiyva

Shops:
D:3 *   D:5 *   D:8 ?(   D:12 *   Orc:2 !([[   Elf:1 *

Annotations:
D:9 exclusion: downstairs


Innate Abilities, Weirdness & Mutations

You are immune to sickness and miasma.
You are immune to poison.
Your flesh is very heat resistant. (rF++)
You are vulnerable to cold. (rC-)
You float through the air rather than walking.
You learn spells naturally, not from books.
Your magical power is your life essence.
You have superior vitality. (+4 HP)


Message History

Unknown command.
Okay, then.
Okay, then.
Casting: Static Discharge (safe; 0% risk of failure)
Confirm with . or Enter, or press ? or * to list all spells.
The deep elf archer blinks!
Your balrug blinks!
* * * LOW HITPOINT WARNING * * *
You start to feel a little slower.
The deep elf archer shoots an arrow.
The arrow hits you.
* * * LOW HITPOINT WARNING * * *
Okay, then.
Okay, then.
As you read the scroll of fog, it crumbles to dust.
The scroll dissolves into smoke.
Okay, then.
Unknown command.
As you read the scroll of fear, it crumbles to dust.
You assume a fearsome visage.
The deep elf archer resists with almost no effort.
The deep elf knight resists with almost no effort.
Unknown command.
Casting: Dispersal (dangerous; 1% risk of failure)
Confirm with . or Enter, or press ? or * to list all spells.
Aiming: Lightning Bolt (safe; 1% risk of failure)
Press: ? - help, Shift-Dir - straight line You can't see that place. [a rock wall.]
Okay, then.
Casting: Lightning Bolt (safe; 1% risk of failure)
Confirm with . or Enter, or press ? or * to list all spells.
Aiming: Lightning Bolt (safe; 1% risk of failure)
Press: ? - help, Shift-Dir - straight line, f - deep elf knight
Aim: a deep elf knight, wielding a +0 scimitar and wearing a +0 leather armour (grey smoke, 42% to hit)
Okay, then.
Unknown command.
Unknown command.
The deep elf knight gestures at you while chanting.
The shard of ice hits you!! You partially resist.
You die...

# #.# ##.......+
###'### #.........
#.....####.........
#####
#.....'..'.........
.....
+..8..####.........
##### #.....#
#......... ##
#...(.# ##§....!.#
.## ###+###
##2§....+# #.## #.#
##@####+## ...##
#.# ##§## ###.##
#.# ##e## ##.##
#.###§##
##.###.##§e.###
##)##'#§##§e.##
##E)..####...##
##[).## #)...#
#..>..###)e#.#..


You could see a deep elf knight and a friendly balrug (summoned).

Vanquished Creatures
  Saint Roka (Orc:2)
  Agnes (Elf:1)
  A deep elf sorcerer (Orc:2)
  A deep elf annihilator (Elf:1)
  Azrael (D:14)
  A minotaur (Gauntlet)
  8 hydras
  Harold (D:8)
  4 boulder beetles
  Erolcha (D:9)
  3 centaur warriors
  Erica (D:9)
  3 catoblepae (Lair:6)
  4 dancing weapons
  5 two-headed ogres
  13 death yaks
  Urug (Lair:2)
  A deep elf knight (Elf:1)
  7 deep elf archers (Elf:1)
  A wizard (D:14)
  An orc knight (Orc:2)
  18 deep elf pyromancers
  11 deep elf zephyrmancers (Elf:1)
  A cyclops (D:13)
  6 ugly things
  3 manticores (Lair:6)
  4 orc sorcerers
  9 elephants
  Maurice (Orc:1)
  10 black mambas
  Joseph (D:7)
  A torpor snail (Lair:5)
  12 cane toads
  2 gargoyles (D:13)
  2 unseen horrors
  9 komodo dragons
  2 rime drakes
  An efreet (D:14)
  2 jumping spiders (Lair:3)
  9 trolls
  3 hornets
  6 polar bears
  4 raiju (Gauntlet)
  8 blink frogs
  2 dream sheep (Lair:5)
  A slime creature (D:11)
  A redback (Lair:3)
  3 vampires
  54 yaks
  5 wyverns
  A water elemental (Elf:1)
  2 shadows
  A fire elemental (Elf:1)
  Grum (D:8)
  8 basilisks
  7 steam dragons
  14 vampire mosquitoes
  Edmund (D:4)
  3 wargs
  3 hell hounds
  An acid dragon (D:11)
  11 water moccasins
  3 ice beasts
  2 hornet zombies
  26 orc warriors
  5 black bears
  A sky beast (D:5)
  6 ogres
  8 wolves
  6 centaurs
  4 kobold brigands
  4 gnoll sergeants
  11 bullfrogs
  A wyvern zombie (D:8)
  A water moccasin zombie (D:6)
  2 water moccasin skeletons
  13 killer bees
  4 howler monkeys
  An electric eel (Lair:1)
  2 bullfrog zombies
  4 centaur zombies
  8 hounds
  3 gnoll shamans (D:8)
  2 jellies
  26 orc priests
  A bullfrog skeleton (D:6)
  A centaur skeleton (D:5)
  5 iguanas
  A scorpion zombie (D:5)
  25 orc wizards
  23 hell rats
  A lightning spire (Gauntlet)
  2 killer bee zombies
  A howler monkey zombie (D:7)
  51 gnolls
  7 adders
  17 river rats (Lair:1)
  A white imp (D:4)
  2 adder skeletons
  2 dart slugs
  A worm (D:3)
  68 orcs
  5 ball pythons
  7 bats
  6 endoplasms
  2 giant cockroaches (D:2)
  15 hobgoblins
  12 jackals
  8 quokkas
  13 frilled lizards
  8 goblins
  26 kobolds
  15 rats
773 creatures vanquished.

Vanquished Creatures (collateral kills)
  An orange crystal statue (Elf:1)
  A hell hound (D:14)
  3 orc warriors (Orc:2)
  A gnoll sergeant (D:11)
  5 gnolls (D:11)
11 creatures vanquished.

Vanquished Creatures (others)
  A yak (Lair:6)
  An endoplasm (D:2)
  93 fungi
  131 plants
  3 toadstools (D:13)
229 creatures vanquished.

Grand Total: 1013 creatures vanquished

Notes
Turn   | Place    | Note
-------+----------+-------------------------------------------
     0 | D:1      | quinnr the Djinni Air Elementalist began the quest for the
                  | Orb.
     0 | D:1      | Reached XP level 1. HP: 15/15 MP: 0/0
   210 | D:1      | Reached XP level 2. HP: 9/21 MP: 0/0
   744 | D:1      | Reached skill level 3 in Spellcasting
   879 | D:1      | Reached XP level 3. HP: 20/25 MP: 0/0
   879 | D:1      | Learned a level 1 spell: Sandblast
  1354 | D:1      | Found a faded altar of an unknown god.
  2015 | D:2      | Reached XP level 4. HP: 21/31 MP: 0/0
  2913 | D:2      | Reached skill level 4 in Spellcasting
  3260 | D:3      | Found a glowing golden altar of the Shining One.
  3447 | D:3      | Found Gozag's Platinum Reserve.
  3449 | D:3      | Found an opulent altar of Gozag.
  3462 | D:3      | Found an iron altar of Okawaru.
  3585 | D:3      | Reached XP level 5. HP: 35/35 MP: 0/0
  3585 | D:3      | Learned a level 2 spell: Wereblood
  3727 | D:3      | Found a snail-covered altar of Cheibriados.
  3996 | D:4      | Noticed Edmund
  4203 | D:4      | Reached XP level 6. HP: 27/40 MP: 0/0
  4263 | D:4      | Killed Edmund
  4264 | D:4      | Reached skill level 5 in Spellcasting
  4289 | D:4      | quinnr: ??holy wrath
  4289 | D:4      | beem: holy wrath[1/1]: Increases damage by 75% on average
                  | against undead and demons. These folks also cannot wield
                  | it. Does not hate evil creatures which are not undead or
                  | demons. This means that holy wrath is ineffective against
                  | hell knights, and some worshippers of evil gods can wield
                  | it.
  4325 | D:4      | Identified the +2 spear "Tonnabre" {vorpal, rElec rC+ Int+2
                  | Stlth-}
  4443 | D:4      | Identified the +3 ring mail of a ziggurat {rPois rC+}
  4451 | D:4      | Noticed an ice beast
  4459 | D:4      | Killed an ice beast
  4460 | D:4      | Reached XP level 7. HP: 39/45 MP: 0/0
  4460 | D:4      | Learned a level 3 spell: Mephitic Cloud
  4597 | D:4      | Found a hide-covered altar of Uskayaw.
  4897 | D:5      | Entered Level 5 of the Dungeon
  4900 | D:5      | Reached skill level 6 in Spellcasting
  5248 | D:5      | Found Inaezus's General Store.
  5252 | D:5      | Bought a scroll of magic mapping for 38 gold pieces
  5252 | D:5      | Bought a scroll of teleportation for 33 gold pieces
  5252 | D:5      | Bought a scroll of teleportation for 33 gold pieces
  5559 | D:5      | Reached XP level 8. HP: 46/50 MP: 0/0
  5773 | D:5      | Reached skill level 7 in Spellcasting
  6107 | D:5      | quinnr: ??harm
  6107 | D:5      | beem: harm[1/1]: A scarf and randart armour property.
                  | Increases damage done by the wearer by 30% and to the
                  | wearer by 20%. Applied after AC. It applies to damage from
                  | melee, ranged, spells, abilities, evocations, clouds,
                  | falling down stairs, etc.
  6406 | D:6      | Found a staircase to the Ecumenical Temple.
  6438 | Temple   | Entered the Ecumenical Temple
  6490 | Temple   | Became a worshipper of Makhleb the Destroyer
  6895 | D:6      | Reached skill level 8 in Spellcasting
  6958 | D:6      | Reached XP level 9. HP: 49/55 MP: 0/0
  6958 | D:6      | Learned a level 3 spell: Gell's Gravitas
  7066 | D:6      | Reached * piety under Makhleb
  7194 | D:6      | Reached skill level 9 in Spellcasting
  7956 | D:6      | quinnr: ??spell noise
  7956 | D:6      | beem: I don't have a page labeled spell_noise in my
                  | learndb.
  7956 | D:6      | quinnr: ??Noise
  7956 | D:6      | beem: scroll of noise[1/1]: Makes a lot of noise (25).
                  | There is generally little use for these, but they are
                  | louder than a shout. No longer breaks {mesmerise} status as
                  | of 0.19.
  7956 | D:6      | quinnr: ??sound
  7956 | D:6      | beem: sound[1/5]:
                  | http://www.youtube.com/watch?v=2Jkorg2xnYI
  8226 | D:7      | Noticed a troll
  8229 | D:7      | Killed a troll
  8230 | D:7      | Reached skill level 10 in Spellcasting
  8230 | D:7      | Reached skill level 1 in Invocations
  8230 | D:7      | Reached skill level 1 in Evocations
  8273 | D:7      | Reached XP level 10. HP: 56/60 MP: 0/0
  8924 | D:7      | Noticed a two-headed ogre
  8925 | D:7      | Noticed Joseph
  8936 | D:7      | Killed a two-headed ogre
  8940 | D:7      | Killed Joseph
  9353 | D:8      | Reached ** piety under Makhleb
  9520 | D:8      | Noticed Grum
  9538 | D:8      | Killed Grum
  9620 | D:8      | Reached skill level 5 in Invocations
  9655 | D:8      | Reached skill level 5 in Evocations
  9980 | D:8      | Reached *** piety under Makhleb
 10259 | D:8      | Found Rot Jel's Antique Weapon Shoppe.
 10264 | D:8      | Reached XP level 11. HP: 63/65 MP: 0/0
 10264 | D:8      | Learned a level 4 spell: Olgreb's Toxic Radiance
 10269 | D:8      | Noticed Harold
 10275 | D:8      | Killed Harold
 10276 | D:8      | Reached skill level 11 in Spellcasting
 10276 | D:8      | Reached skill level 1 in Fighting
 10419 | D:8      | Found Neinosuh's Magic Scroll Boutique.
 10427 | D:8      | Bought a scroll of blinking for 82 gold pieces
 10427 | D:8      | Bought a scroll of identify for 22 gold pieces
 10427 | D:8      | Bought a scroll of identify for 22 gold pieces
 10427 | D:8      | Bought a scroll of identify for 22 gold pieces
 10772 | D:9      | Noticed Erolcha
 11008 | D:9      | Noticed a two-headed ogre
 11019 | D:9      | Killed a two-headed ogre
 11020 | D:9      | Reached skill level 5 in Dodging
 11066 | D:9      | Found a sparkling altar of Nemelex Xobeh.
 11200 | D:9      | Noticed Erica
 11207 | D:9      | Killed Erica
 11208 | D:9      | Reached skill level 5 in Fighting
 11208 | D:9      | Reached **** piety under Makhleb
 11551 | D:10     | Entered Level 10 of the Dungeon
 11610 | D:10     | Noticed a death yak
 11616 | D:10     | Killed a death yak
 11617 | D:10     | Noticed a death yak
 11617 | D:10     | Noticed a death yak
 11617 | D:10     | Noticed a death yak
 11630 | D:10     | Noticed a death yak
 11631 | D:10     | Killed a death yak
 11680 | D:9      | Killed Erolcha
 11855 | D:10     | Found a blossoming altar of Fedhas.
 11973 | D:10     | Reached XP level 12. HP: 69/84 MP: 0/0
 12178 | D:10     | Found a staircase to the Lair.
 12181 | D:10     | Noticed a two-headed ogre
 12189 | D:10     | Killed a two-headed ogre
 12197 | D:10     | Identified the amulet of Qixet {Acrobat rPois Will- Dex+3}
 12301 | D:10     | Noticed a death yak
 12304 | D:10     | Killed a death yak
 12304 | D:10     | Killed a death yak
 12305 | D:10     | Killed a death yak
 12305 | D:10     | Killed a death yak
 12378 | Lair:1   | Entered Level 1 of the Lair of Beasts
 12612 | Lair:1   | Reached skill level 12 in Spellcasting
 13714 | Lair:1   | Reached ***** piety under Makhleb
 14315 | Lair:2   | Found a burning altar of Makhleb.
 14347 | Lair:2   | Noticed Urug
 14359 | Lair:2   | Killed Urug
 14500 | Lair:2   | Found a gate leading to a gauntlet.
 14520 | Gauntlet | Entered a Gauntlet
 14520 | Gauntlet | Found a transporter.
 14520 | Gauntlet | Found a transporter.
 14520 | Gauntlet | Found a transporter.
 14520 | Gauntlet | Noticed a tengu warrior
 14544 | Gauntlet | Found a transporter.
 14547 | Gauntlet | Found a transporter.
 14556 | Gauntlet | Found a runed translucent door.
 14560 | Gauntlet | Found a transporter.
 14562 | Gauntlet | Found a transporter.
 14568 | Gauntlet | Found a runed translucent door.
 14574 | Gauntlet | Found a transporter.
 14586 | Gauntlet | Found a runed translucent door.
 14596 | Gauntlet | Found a transporter.
 14598 | Gauntlet | Noticed a wretched star
 14621 | Gauntlet | Found a transporter.
 14625 | Gauntlet | Found a transporter.
 14640 | Gauntlet | Found a transporter.
 14755 | Gauntlet | Reached skill level 1 in Armour
 14942 | Gauntlet | Reached XP level 13. HP: 73/92 MP: 0/0
 14942 | Gauntlet | Learned a level 5 spell: Irradiate
 15413 | Gauntlet | Identified the +10 hand axe "Kuolam" {flame, rN+ Will++
                  | Dex-2}
 15413 | Gauntlet | Noticed a minotaur
 15418 | Gauntlet | Killed a minotaur
 15513 | Gauntlet | Identified the +3 leather armour of Objectivity {Harm
                  | Regen+ Int-2}
 15749 | Lair:2   | Noticed a six-headed hydra
 15750 | Lair:2   | Noticed a five-headed hydra
 15755 | Lair:2   | Killed a six-headed hydra
 15756 | Lair:2   | Killed a five-headed hydra
 15959 | Lair:2   | Reached skill level 5 in Armour
 17134 | Lair:2   | Found a staircase to the Swamp.
 17330 | Lair:3   | Noticed a seven-headed hydra
 17330 | Lair:3   | Noticed a boulder beetle
 17549 | Lair:3   | Killed a boulder beetle
 17801 | Lair:3   | Killed a seven-headed hydra
 18212 | Lair:3   | Found a hole to the Spider Nest.
 18327 | Lair:3   | Reached skill level 13 in Spellcasting
 18512 | Lair:3   | You are sucked into a shaft and drop 3 floors!
 18512 | Lair:6   | Entered Level 6 of the Lair of Beasts
 18513 | Lair:6   | Noticed a seven-headed hydra
 18537 | Lair:6   | HP: 6/92 [black mamba (12)]
 18559 | Lair:6   | Killed a seven-headed hydra
 18959 | Lair:6   | Identified the +5 quarterstaff of the Desolation of Salt
                  | {vorpal, Dex+3}
 19152 | Lair:6   | Reached XP level 14. HP: 87/98 MP: 0/0
 20873 | Lair:4   | Reached ****** piety under Makhleb
 21233 | Lair:5   | Found a viscous altar of Jiyva.
 21233 | Lair:5   | Found a staircase to the Slime Pits.
 21821 | Lair:5   | Reached skill level 1 in Shields
 23259 | Lair:6   | Reached XP level 15. HP: 94/105 MP: 0/0
 23259 | Lair:6   | Learned a level 6 spell: Dispersal
 23675 | Lair:6   | Reached skill level 10 in Dodging
 23706 | Lair:6   | Reached skill level 10 in Fighting
 23783 | Lair:6   | Identified the ring of the Shrike {Fly rC+ Str+3 Int+6
                  | Dex-3}
 24138 | D:11     | Reached skill level 14 in Spellcasting
 24469 | D:11     | Found a staircase to the Orcish Mines.
 24897 | D:12     | Found Nupp's Assorted Antiques.
 24915 | D:12     | Bought a fine robe for 153 gold pieces
 24915 | D:12     | Identified the +1 robe of Xeiraig {rF+ Dex+3} (You bought
                  | it in a shop on level 12 of the Dungeon)
 25244 | D:12     | Found a bloodstained altar of Trog.
 26235 | D:14     | Noticed Azrael
 26245 | D:14     | Killed Azrael
 27194 | D:14     | quinnr: ??boulder
 27194 | D:14     | beem: I don't have a page labeled boulder in my learndb.
 27194 | D:14     | quinnr: ??beetle
 27194 | D:14     | beem: I don't have a page labeled beetle in my learndb.
 27194 | D:14     | quinnr: ??boulder beetle
 27194 | D:14     | beem: boulder beetle[1/4]: A beetle that can initiate a
                  | roll it's able to move towards its foe and is not already
                  | adjacent. Moves at speed 20 when rolling and has double
                  | melee damage (1d32->1d64). Always exits a roll after
                  | attempting a melee attack or if there's no path forward.
                  | Can also blink.
 27238 | D:14     | Reached skill level 5 in Stealth
 27239 | D:14     | Reached XP level 16. HP: 115/115 MP: 0/0
 27610 | D:14     | Found a gate to the Vaults.
 27638 | D:14     | quinnr: Howdy :)
 27847 | D:15     | Entered Level 15 of the Dungeon
 27945 | Orc:1    | Entered Level 1 of the Orcish Mines
 28102 | Orc:1    | Noticed Maurice
 28105 | D:11     | quinnr: ?@maurice
 28105 | D:11     | quinnr: @?maurice
 28105 | D:11     | beem: Maurice (@)
                  | Spd:
    10 | HD: 5    | HP: 50-73
                  | AC/EV:
                  | 2/13
                  | Dam: 9(steal)
                  | weapons, items, doors, spellcaster
                  | | Res: magic(20)
                  | Corpse
                  | XP: 468
                  | Sp: sprint,
                  | invisibility, blink, teleport self [emergency]
                  | Sz: Medium
                  | | Int: human.
 28116 | Orc:1    | Killed Maurice
 28463 | Orc:2    | Entered Level 2 of the Orcish Mines
 28489 | Orc:2    | Found a staircase to the Elven Halls.
 28796 | Orc:2    | Found Bich's Distillery.
 29250 | Orc:2    | Found Karph's Antique Armour Shop.
 29257 | Orc:2    | Bought a pair of embroidered gloves for 187 gold pieces
 29583 | Orc:2    | Noticed Saint Roka
 29594 | Orc:2    | Killed Saint Roka
 29709 | Orc:2    | Reached skill level 10 in Invocations
 29731 | Orc:2    | Found Tizxankae's Antique Armour Shop.
 29745 | Orc:2    | Found Fugiquirph's Antique Weapon Boutique.
 29781 | Orc:2    | Bought a pair of runed gloves for 240 gold pieces
 29803 | Orc:2    | Bought a bloodstained long sword for 221 gold pieces
 29803 | Orc:2    | Identified the +2 long sword "Newtslayer" {freeze, rF- rN+
                  | Dex+3} (You bought it in a shop on level 2 of the Orcish
                  | Mines)
 29849 | Elf:1    | Entered Level 1 of the Elven Halls
 29929 | Elf:1    | Noticed a deep elf sorcerer
 29986 | Orc:2    | Killed a deep elf sorcerer
 30353 | Elf:1    | Found Laghegah's General Store.
 30457 | Elf:1    | Bought 2 potions of heal wounds for 180 gold pieces
 30493 | Elf:1    | Noticed Agnes
 30500 | Elf:1    | HP: 6/115 [Agnes (14)]
 30603 | Orc:2    | quinnr: @?agnes
 30603 | Orc:2    | beem: Agnes (i)
                  | Spd:
    18 | HD: 11   | HP: 79-121
                  | AC/EV:
                  | 2/20
                  | Dam: 30
                  | weapons, items, doors, fighter, see
                  | invisible
                  | Res: magic(100)
                  | Corpse
                  | XP:
  2135 | Sz:      | little
                  | Int: human.
 30664 | Elf:1    | Killed Agnes
 30838 | Elf:1    | Killed from afar by a deep elf knight

Illustrated notes

Levels and vault maps discovered:
D:1:      psy_arrival_radial02, layout_loops_ring,
          shapermc_ecumenical_altar_hornbeckon, minmay_lizard_pond
D:2:      kennysheep_big_flooded_room, layout_loops_ring, serial_forest,
          infiniplex_forest_clump_curved, infiniplex_forest_side_room,
          infiniplex_forest_end_2, infiniplex_forest_clump_double,
          infiniplex_forest_corner_1, infiniplex_forest_lined_room_2,
          lexackson_kobold_supper
D:3:      layout_loops_ring, kennysheep_slug_shrine, amcnicky_altar_gilded,
          nicolae_gozag_zags_fifth_avenue, okawaru_ov_weapons_minmay
D:4:      layout_rooms, general_overflow_altar, nrook_uturn, uniq_edmund
D:5:      layout_basic, serial_shops, nicolae_shop_behind_doors
D:6:      kennysheep_housing_project, layout_loops_cross,
          minmay_temple_entry_wispy
D:7:      layout_loops_ring, uniq_joseph
D:8:      layout_cave_pools, serial_gnoll_camp, gnoll_camp_mini_hut,
          gnoll_camp_huts_moat, gnoll_camp_medium_01, gnoll_camp_mini_doghouse,
          gnoll_camp_mini_shop, gnoll_camp_mini_shop, uniq_grum, uniq_harold
D:9:      layout_small_grid, lemuel_crystal_altar, nemelex_diamond_rough_becter,
          uniq_erolcha, uniq_erica
D:10:     layout_roguey, gammafunk_temple_overflow_wave, dpeg_lair_monsters
D:11:     layout_small_grid, orc_0_dummy, minivault_20,
          kennysheep_generic_room_14
D:12:     layout_big_octagon, serial_shops, shop, bloody_trog
D:13:     layout_loops_ring, minmay_gold_behind_fungi, hangedman_decor_opposing,
          minivault_25_ag, kennysheep_nub
D:14:     layout_layer_cave, erik_vaults_1, chequers_serial_rivers_micro_a,
          drop_trap, st_stairs_9, uniq_azrael
D:15:     gammafunk_enter_depths_forms, layout_cave_pools,
          chequers_serial_rivers_small_3, minmay_checkerbox
Temple:   cyrus_circular_temple
Lair:1:   lemuel_ratsnest, layout_regular_city, serial_bayou_shore_a,
          grunt_megastairs_5, lemuel_fruit_fields, serial_bayou_shore_b
Lair:2:   layout_layer_cave, palyth_hydra_swamp_entry, gauntlet_entry_generic,
          basic_altar, uniq_urug
Lair:3:   layout_roguey, spider_nest_entry_a, grunt_megastairs_3,
          lemuel_fruit_fields
Lair:4:   layout_cave_pods, grunt_forest_small_clearing_treed,
          grunt_megastairs_4
Lair:5:   layout_small_grid, slime_altar_1, cheibrodos_lair_caveside_slide
Lair:6:   evilmike_catoblepas_cave, layout_small_grid, serial_bayou_shore_b
Orc:1:    layout_caves, uniq_maurice
Orc:2:    grunt_orc_community_town_hall, layout_caves,
          grunt_orc_community_big_house_2, grunt_orc_community_big_house_1,
          grunt_orc_community_house_1, grunt_orc_community_house_2,
          grunt_orc_community_house_1, grunt_orc_community_house_3,
          grunt_orc_community_house_1, grunt_orc_community_house_3, basic_altar
Elf:1:    eino_elf_arrival_altar, layout_geoelf_grid, serial_shops, shop,
          minmay_elf_annihilation, minivault_16, uniq_agnes

Skill      XL: |  1  2  3  4  5  6  7  8  9 10 11 12 13 14 15 16 |
---------------+-------------------------------------------------+-----
Spellcasting   | 3 4 5 6 8 10 11 12 13 14 | 14.8
Invocations    | 2 5 7 8 9 11 | 11.0
Evocations     | 2 5 6 |  6.0
Fighting       | 6 8 9 10 | 10.7
Dodging        | 5 8 9 10 | 10.9
Stealth        | 3 4 5 6 |  6.0
Armour         | 1 6 7 8 |  8.0
Shields        | 4 |  4.0

Action                   |  1- 3 |  4- 6 |  7- 9 | 10-12 | 13-15 | 16-18 || total
-------------------------+-------+-------+-------+-------+-------+-------++-------
Melee: Dagger            |       |     5 |       |       |       |       ||     5
       Flail             |       |     5 |       |       |       |       ||     5
       Spear             |       |       |    35 |       |       |       ||    35
       Staff             |       |       |       |       |     4 |       ||     4
 Cast: Shock             |    67 |   111 |    77 |    74 |    16 |     2 ||   347
       Static Discharge  |     2 |     8 |    52 |    56 |   143 |    14 ||   275
       Airstrike         |       |    10 |    49 |   222 |   397 |   200 ||   878
       Swiftness         |       |     1 |     4 |     2 |     1 |     4 ||    12
       Mephitic Cloud    |       |       |     1 |     4 |     4 |     6 ||    15
       Lightning Bolt    |       |       |    12 |    24 |    45 |    23 ||   104
       Olgreb's Toxic Ra |       |       |       |    10 |    19 |    22 ||    51
       Wereblood         |       |       |       |       |     1 |     1 ||     2
       Dispersal         |       |       |       |       |     5 |     3 ||     8
       Irradiate         |       |       |       |       |     1 |     5 ||     6
Invok: Lesser Servant of |       |       |       |     2 |     2 |     1 ||     5
       Greater Servant o |       |       |       |       |     5 |     5 ||    10
Evoke: Wand              |       |       |       |       |     5 |       ||     5
  Use: Scroll            |       |       |       |    21 |     7 |     9 ||    37
       Potion            |       |       |       |     1 |     3 |     5 ||     9
Armor: Robe              |     2 |     9 |    39 |    29 |    80 |    14 ||   173
Dodge: Dodged            |     8 |    21 |    69 |    46 |   191 |    17 ||   352
Block: Buckler           |       |       |       |       |    27 |     8 ||    35

Table legend: (Time is in decaauts)
 A = Elapsed time spent in this place.
 B = Non-inter-level travel time spent in this place.
 C = Inter-level travel time spent in this place.
 D = Time resting spent in this place.
 E = Time spent auto-exploring this place.
 F = Levels seen in this place.
 G = Mean time per level.
                   A        B        C        D        E       F      G
               +--------+--------+--------+--------+--------+-----+--------+
         Total |  30889 |  29362 |   1527 |   5556 |  18936 |  26 | 1188.0 |
       Dungeon |  16838 |  15807 |   1031 |   2818 |  10563 |  15 | 1122.5 |
        Temple |     67 |     44 |     23 |      0 |     43 |   1 |   67.0 |
          Lair |  10187 |   9800 |    387 |   1801 |   6675 |   6 | 1697.8 |
  Orcish Mines |   1905 |   1852 |     53 |    377 |    895 |   2 |  952.5 |
   Elven Halls |    836 |    806 |     30 |    336 |    195 |   1 |  836.0 |
      Gauntlet |   1053 |   1053 |      0 |    224 |    565 |   1 | 1053.0 |
               +--------+--------+--------+--------+--------+-----+--------+

Top non-repeatable levels by time:
  Lair:6: 2296 daAuts
  Lair:2: 2262 daAuts
  Lair:1: 1756 daAuts
     D:2: 1714 daAuts
     D:5: 1563 daAuts
     D:1: 1546 daAuts
   Orc:2: 1499 daAuts
     D:6: 1463 daAuts
    D:13: 1418 daAuts
  Lair:3: 1396 daAuts
     D:8: 1362 daAuts
  Lair:5: 1270 daAuts
  Lair:4: 1205 daAuts
     D:9: 1113 daAuts
    D:14: 1105 daAuts
